AoeStats
← Rafelso

Arabian Desert

508717631Analyzed
1v1 RM · 10d ago on Sep 23, 2026· 20m 27s· 2 players
Game mode
Random Map
Map size
Tiny (2 player)
Population
200
Speed
Normal
Resources
Standard
Victory
Conquest
Starting age
Dark Age
Ending age
Imperial Age
RankedLock teamsTeams togetherTeam positionsShared explorationLock speedFull tech treeHidden civsTurbo modeCheats
Victory
Defeat
🇫🇷 Huns · France
1719
+18
🇧🇷 Britons · Brazil
1761
-18
Rafelso
5:32 Loom
8:24 Feudal Age
9:08 Double-Bit Axe
17:33 Fletching
20:17 Wheelbarrow
19:58 Scale Barding Armor
20:09 Bloodlines
20:16 Horse Collar
CORP_Marcus
6:56 Loom
9:03 Feudal Age
9:51 Double-Bit Axe
16:30 Wheelbarrow
19:25 Scale Barding Armor
Connection lost

Rejoining the realm…

Still unreachable

The connection could not be restored.

Session expired

The server has moved on; the page needs a fresh start.